 Dungeon Crawl Stone Soup version 0.28-a0-1033-g1a2f33fa85 (webtiles) character file.

Game seed: 14248195920132488890

1165 bande the Covered (level 8, -3/48 HPs)
             Began as a Gargoyle Fighter on Dec 8, 2021.
             Was a Priest of Okawaru.
             Engulfed by a steam dragon's steam (9 damage)
             ... on level 5 of the Dungeon.
             The game lasted 00:05:32 (4402 turns).

bande the Covered (Gargoyle Fighter)                Turns: 4402, Time: 00:05:32

Health: -3/48      AC: 15    Str: 21    XL:     8   Next: 40%
Magic:  10/10      EV:  9    Int:  8    God:    Okawaru [***...]
Gold:   213        SH:  5    Dex: 11    Spells: 7/7 levels left

rFire   . . .      SeeInvis .   i - +3 hand axe (elec)
rCold   . . .      Faith    .   c - +0 buckler
rNeg    + . .      Spirit   .   b - +0 scale mail
rPois   ∞          Reflect  .   g - +0 helmet
rElec   +          Harm     .   e - +0 cloak
rCorr   .          Rampage  .   (no gloves)
Will    .....                   (no boots)
Stlth   ..........              (no amulet)
HPRegen 0.16/turn               (no ring)
MPRegen 0.12/turn               (no ring)

@: no status effects
A: sickness immunity, AC +5, negative energy resistance 1, electricity
resistance, torment resistance 1, petrification resistance
a: Renounce Religion, Heroism


You were on level 5 of the Dungeon.
You worshipped Okawaru.
Okawaru was most pleased with you.
You visited 1 branch of the dungeon, and saw 5 of its levels.

You collected 213 gold pieces.

Inventory:

Hand Weapons
 a - a +0 war axe
 i - a +3 hand axe of electrocution (weapon)
 k - a +0 flail
 r - a +0 war axe
Armour
 b - a +0 scale mail (worn)
 c - a +0 buckler (worn)
 e - a +0 cloak (worn)
 g - a +0 helmet (worn)
Jewellery
 h - an amulet of guardian spirit
Wands
 f - a wand of flame (17)
Scrolls
 l - a scroll of identify
 n - a scroll of fog
Potions
 d - 3 potions of might
 j - 4 potions of curing
 m - a potion of flight
 o - a potion of brilliance
 q - a potion of haste


   Skills:
 + Level 4.9 Fighting
 + Level 5.0 Axes
 + Level 6.2 Armour
 + Level 4.6 Shields
 * Level 3.8 Invocations
 * Level 2.5 Evocations


You had 7 spell levels left.
You didn't know any spells.
Your spell library was empty.

Dungeon Overview and Level Annotations

Branches:
Dungeon (5/15)
 Temple: D:4-7

Altars:
Okawaru

Shops:
D:1 [*


Innate Abilities, Weirdness & Mutations

You are immune to sickness and miasma.
Your stone body is resilient. (AC +5)
You are immune to poison.
You resist negative energy. (rN+)
You are resistant to electric shocks. (rElec)
You are resistant to unholy torment.
You are immune to petrification.


Message History

Unknown command.
You hit the steam dragon but do no damage.
Lightning courses through the steam dragon!
The steam dragon is heavily wounded.
You block the steam dragon's attack. The steam dragon claws you.
You barely miss the steam dragon.
The steam dragon is heavily wounded.
The steam dragon barely misses you.
The steam dragon claws you but does no damage.
You barely miss the steam dragon.
The steam dragon is heavily wounded.
The steam dragon bites you but does no damage.
The steam dragon claws you. You block the steam dragon's attack.
The steam dragon claws you but does no damage.
You hit the steam dragon.
The steam dragon is severely wounded.
The steam dragon bites you but does no damage.
The steam dragon claws you but does no damage.
You closely miss the steam dragon.
The steam dragon is severely wounded.
The steam dragon breathes steam at you. The ball of steam hits you!
* * * LOW HITPOINT WARNING * * *
You completely miss the steam dragon.
The steam dragon is severely wounded.
You are engulfed in a cloud of scalding steam.
The steam dragon bites you.
* * * LOW HITPOINT WARNING * * *
The steam dragon closely misses you.
Unknown command.
You closely miss the steam dragon.
The steam dragon is severely wounded.
You are engulfed in a cloud of scalding steam.
The steam dragon bites you.
* * * LOW HITPOINT WARNING * * *
The steam dragon claws you but does no damage.
You closely miss the steam dragon.
The steam dragon is severely wounded.
You are engulfed in a cloud of scalding steam.
You die...

,,***#.#,*,,,,,,,**,,,,,,**,,,***
,,,,,#.#,*******,****,,*,*,,,,,,,
,***,#.#,,,,,,,,,* **+#,,,*+***,
,* *,#.#**###****** **.#*,**,****
,***,#.# #..,,,,,***.$###**,,***
,,,,,#.# #.#**##+##......,,,,,**
######.####.####...†D.8..>,,8,,,,
..........#....#.D##§§....,,,,,**
######.#.#......@..#*..###**,,**
.....#...#......#+##**.#,,,*,**
####.#####..§...#,* *+#,,,*+* .#
*,* #..§.§.#,* *,,,,,,,* .#
*,#########§##,* ****,,***
.###,..........#*,* *,,,*
...#,..........#*,* **,,**
...#*.........##*,***** *,,,*
...#*##########*,,,,,,*****,,****


You could see a steam dragon.

Vanquished Creatures
  Pikel (D:4)
  Grinder (D:4)
  Sigmund (D:3)
  4 lemures (D:4)
  A wyvern zombie (D:3)
  A jelly (D:4)
  A hound (D:4)
  Ijyb (D:4)
  Terence (D:3)
  Natasha (thrice) (D:3)
  Robin (D:3)
  3 adders
  An ufetubus (D:5)
  A worm (D:2)
  A dart slug (D:3)
  2 orcs (D:4)
  5 endoplasms
  14 goblins
  6 hobgoblins
  2 quokkas
  7 ball pythons
  2 bats
  10 frilled lizards
  5 kobolds
  4 rats (D:3)
79 creatures vanquished.

Vanquished Creatures (others)
  An ufetubus (D:5)
  6 plants
7 creatures vanquished.

Grand Total: 86 creatures vanquished

Notes
Turn   | Place    | Note
-------+----------+-------------------------------------------
     0 | D:1      | bande the Gargoyle Fighter began the quest for the Orb.
     0 | D:1      | Reached XP level 1. HP: 14/14 MP: 1/1
   140 | D:1      | Found Evexuop's Assorted Antiques.
   406 | D:1      | Found Tis Erus's Antique Armour Emporium.
   465 | D:1      | Reached XP level 2. HP: 17/19 MP: 2/2
  1149 | D:2      | Found an iron altar of Okawaru.
  1157 | D:2      | Became a worshipper of Warmaster Okawaru
  1199 | D:2      | Reached XP level 3. HP: 23/23 MP: 3/3
  2018 | D:3      | Noticed Sigmund
  2023 | D:3      | Killed Sigmund
  2023 | D:3      | Reached * piety under Okawaru
  2024 | D:3      | Reached skill level 4 in Armour
  2024 | D:3      | Reached skill level 1 in Invocations
  2024 | D:3      | Reached XP level 4. HP: 29/29 MP: 3/5
  2024 | D:3      | Reached XP level 5. HP: 33/33 MP: 3/6
  2103 | D:3      | Noticed Terence
  2116 | D:3      | Killed Terence
  2188 | D:3      | Noticed Natasha
  2195 | D:3      | Killed Natasha
  2196 | D:3      | Reached XP level 6. HP: 38/38 MP: 7/7
  2477 | D:3      | Found a faded altar of an unknown god.
  2537 | D:3      | Noticed Robin
  2550 | D:3      | Killed Robin
  2693 | D:3      | Reached ** piety under Okawaru
  2867 | D:3      | Noticed Natasha
  2872 | D:3      | Killed Natasha
  2929 | D:3      | Noticed Natasha
  2936 | D:3      | Killed Natasha
  3068 | D:4      | Noticed Grinder
  3080 | D:4      | Killed Grinder
  3081 | D:4      | Reached skill level 5 in Armour
  3081 | D:4      | Reached skill level 1 in Evocations
  3081 | D:4      | Reached XP level 7. HP: 29/44 MP: 7/9
  3242 | D:4      | Noticed Ijyb
  3257 | D:4      | Killed Ijyb
  3257 | D:4      | Reached *** piety under Okawaru
  3380 | D:4      | Noticed Pikel
  3400 | D:4      | Killed Pikel
  3400 | D:4      | Reached **** piety under Okawaru
  3401 | D:4      | Reached skill level 6 in Armour
  3401 | D:4      | Reached XP level 8. HP: 10/48 MP: 10/10
  4143 | D:4      | Reached skill level 5 in Axes
  4274 | D:5      | Entered Level 5 of the Dungeon
  4402 | D:5      | Engulfed by a steam dragon's steam

Illustrated notes

Levels and vault maps discovered:
D:1:      lemuel_arrival_behind_the_door_large, layout_basic, serial_shops,
          nicolae_shop_behind_doors, nicolae_shop_overgrown_old_shop,
          grunt_decor_clamped, chequers_serial_rivers_micro_e
D:2:      layout_basic, basic_altar, minmay_lizard_king
D:3:      layout_loops_ring, shapermc_ecumenical_altar_notcrosses,
          grunt_ministairs_8, uniq_natasha, uniq_robin, uniq_terence,
          uniq_sigmund
D:4:      layout_basic, uniq_ijyb, uniq_pikel, uniq_grinder
D:5:      layout_basic, grunt_ministairs_15

Skill      XL: |  1  2  3  4  5  6  7  8 |
---------------+-------------------------+-----
Axes           | 2 3 4 5 |  5.0
Armour         | 4 5 6 |  6.2
Shields        | 4 |  4.6
Invocations    | 1 2 3 |  3.8
Fighting       | 4 |  4.9
Evocations     | 1 2 |  2.5

Action                   |  1- 3 |  4- 6 |  7- 9 || total
-------------------------+-------+-------+-------++-------
Melee: War axe           |    10 |       |       ||    10
       Hand axe          |    30 |    76 |    73 ||   179
  Use: Scroll            |     1 |     2 |     6 ||     9
       Potion            |     1 |       |     2 ||     3
Armor: Scale mail        |    12 |    41 |    48 ||   101
Dodge: Dodged            |    11 |    21 |    38 ||    70
Block: Buckler           |     9 |    13 |    19 ||    41

Table legend: (Time is in decaauts)
 A = Elapsed time spent in this place.
 B = Non-inter-level travel time spent in this place.
 C = Inter-level travel time spent in this place.
 D = Time resting spent in this place.
 E = Time spent auto-exploring this place.
 F = Levels seen in this place.
 G = Mean time per level.
                   A        B        C        D        E       F      G
               +--------+--------+--------+--------+--------+-----+--------+
         Total |   4425 |   4399 |     26 |    255 |   3472 |   5 |  885.0 |
       Dungeon |   4425 |   4399 |     26 |    255 |   3472 |   5 |  885.0 |
               +--------+--------+--------+--------+--------+-----+--------+

Top non-repeatable levels by time:
     D:4: 1224 daAuts
     D:1: 1121 daAuts
     D:3: 1045 daAuts
     D:2: 905 daAuts
     D:5: 128 daAuts
